 Dungeon Crawl Stone Soup version 0.17.2-1-ge4368a0 (webtiles) character file.

4755 magog001 the Blocker (level 10, -2/94 HPs)
             Began as a Hill Orc Fighter on Oct 6, 2016.
             Slain by a six-headed hydra (4 damage)
             ... on level 1 of the Lair of Beasts.
             The game lasted 01:02:15 (9436 turns).

magog001 the Blocker (Hill Orc Fighter)             Turns: 9436, Time: 01:02:15

Health: -2/94      AC: 18    Str: 32    XL:     10   Next: 46%
Magic:  10/10      EV:  2    Int:  8    God:
Gold:   207        SH:  0    Dex: 10    Spells: 0 memorised, 9 levels left

rFire  . . .     SeeInvis .     v - +7 club
rCold  . . .     Clarity  +     L - -1 plate armour (curse)
rNeg   + + +     SustAt   .     c - +2 shield
rPois  ∞         Gourm    .     V - +0 helmet
rElec  .         Spirit   .     D - +0 cloak
rCorr  .         Warding  .     M - +0 pair of gloves
rMut   .         Stasis   .     Q - +0 pair of boots
MR     .....                    p - amulet of clarity
Stlth  ..........               A - ring of positive energy
                                b - +4 ring of strength

@: mighty, petrified, not resistant to hostile enchantments, extremely
unstealthy
A: robust 1
a: no special abilities


You were on level 1 of the Lair of Beasts.
You were not hungry.

You visited 2 branches of the dungeon, and saw 9 of its levels.

You collected 384 gold pieces.
You spent 177 gold pieces at shops.

Inventory:

Hand Weapons
 v - a +7 club (weapon)
 N - a +3 shortbow
Missiles
 f - 30 bolts
 l - 86 poisoned needles
 m - 10 arrows of dispersal
 q - 2 tomahawks (quivered)
 r - 17 bolts of flame
 z - 4 javelins
 E - 44 arrows
 H - 3 curare-tipped needles
Armour
 c - a +2 shield (worn)
 k - a +0 cloak
 D - a +0 cloak (worn)
 L - a cursed -1 plate armour (worn)
 M - a +0 pair of gloves (worn)
 Q - a +0 pair of boots (worn)
 T - a steam dragon hide
 V - a +0 helmet (worn)
Jewellery
 a - an uncursed ring of protection from magic {unknown}
 b - a +4 ring of strength (left hand)
 p - an amulet of clarity (around neck)
 A - a ring of positive energy (right hand)
 U - an uncursed ring of flight
Wands
 h - a wand of teleportation (6)
 y - a wand of confusion (7)
 F - a wand of digging (11)
 R - a wand of enslavement (20)
 S - a wand of disintegration (21)
 X - a wand of lightning (9)
 Y - a wand of magic darts (20)
Scrolls
 e - a scroll of immolation
 g - 2 scrolls of blinking
 j - 2 scrolls of recharging
 u - a scroll of remove curse
 B - a scroll of teleportation
 J - 3 scrolls of magic mapping
 W - 3 scrolls of amnesia
Potions
 d - a potion of might
 n - a potion of heal wounds
 o - a potion of cure mutation
 s - a potion of beneficial mutation {unknown}
 t - 2 potions of curing
 w - a potion of berserk rage {unknown}
 x - a potion of magic {unknown}
 C - a potion of cancellation
 K - a potion of brilliance {unknown}
 Z - a potion of resistance {unknown}
Books
 G - a book of Battle

   Spells                             Type                      Level
   a - Infusion                       Charms                       1
   b - Shroud of Golubria             Charms/Translocation         2
   c - Song of Slaying                Charms                       2
   d - Spectral Weapon                Hexes/Charms                 3
   e - Regeneration                   Charms/Necromancy            3
Comestibles
 i - 3 beef jerkies


   Skills:
 + Level 7.5 Fighting
   Level 3.9(5.7) Axes
 + Level 5.3(5.7) Maces & Flails
 + Level 2.0 Bows
 + Level 1.7 Throwing
 + Level 8.8 Armour
 + Level 4.3 Dodging
 + Level 1.1 Stealth
 + Level 9.4 Shields
 + Level 0.8 Evocations


You had 9 spell levels left.
You didn't know any spells.

Dungeon Overview and Level Annotations

Branches:
Dungeon (8/15)             Temple (0/1) D:6            Lair (1/8) D:8

Altars:
Cheibriados
Fedhas
Okawaru
The Shining One

Shops:
D:5 **


Innate Abilities, Weirdness & Mutations

You are robust (+10% HP).


Message History

The six-headed hydra bites you. The iguana bites you!
* * * LOW HITPOINT WARNING * * *
The six-headed hydra bites you but does no damage.
The six-headed hydra bites you.
* * * LOW HITPOINT WARNING * * *
The six-headed hydra bites you but does no damage. x2
The six-headed hydra completely misses you.
The six-headed hydra bites you!
* * * LOW HITPOINT WARNING * * *
The iguana bites you but does no damage.
The six-headed hydra bites you.
* * * LOW HITPOINT WARNING * * *
The six-headed hydra bites you.
* * * LOW HITPOINT WARNING * * *
The six-headed hydra bites you but does no damage.
The six-headed hydra bites you!
* * * LOW HITPOINT WARNING * * *
The six-headed hydra bites you!
You die...

....#####...###...# ####..#..P...
....## #...# ###..##...≈.≈..P..#
.....# #..## ##.....≈≈≈≈≈≈..##
##..## ##..## #..≈≈≈≈≈≈≈≈≈.#P
#...## #....# ##..≈≈≈≈≈≈≈≈≈...
#P...####..## ##...≈≈≈.≈≈≈≈≈..#
##...##...## #...≈≈≈l.<.≈≈≈≈.#
##...P##..## ##....≈≈≈..≈≈≈≈..#
#.#...##..P# ###@##..≈≈≈≈≈≈≈≈≈..P
##....#....###PlD##...≈≈≈≈≈≈≈...#
#............#..#####.≈≈≈≈≈≈....#
.#..............# ##...≈≈≈...##
........##.....P# #.##########
.......####.....# ## ..#....#
##....P# ..P....# #....##
#....... #....#


You could see a six-headed hydra, a basilisk and an iguana.

Vanquished Creatures
  2 spiny frogs (Lair:1)
  Prince Ribbit (D:7)
  A hungry ghost (D:7)
  Eustachio (D:5)
  A steam dragon (D:8)
  3 wolves (Lair:1)
  A hippogriff (Lair:1)
  Edmund (D:5)
  A water moccasin (Lair:1)
  A sky beast (D:7)
  3 porcupines (Lair:1)
  An orc warrior (D:6)
  2 black bears
  2 ogres
  A centaur (D:6)
  3 ice beasts
  4 giant frogs
  The ghost of Glorfindel the Slasher, a weakling HEBe of Trog (D:4)
  2 jellies (D:6)
  2 crimson imps
  3 hounds
  Crazy Yiuf (D:2)
  5 orc priests
  Ijyb (D:2)
  8 orc wizards
  6 iguanas
  Jessica (D:2)
  Terence (D:2)
  3 worker ants (D:5)
  A killer bee zombie (D:6)
  2 hound zombies (D:7)
  A hound skeleton (D:6)
  A worker ant zombie (D:7)
  3 gnolls (D:3)
  5 river rats (Lair:1)
  14 adders
  3 oozes
  An adder zombie (D:6)
  3 worms
  An adder skeleton (D:5)
  28 orcs
  6 bats
  8 giant cockroaches
  9 goblins
  8 hobgoblins
  5 jackals
  5 kobolds
  4 quokkas
  4 ball pythons
  A giant gecko (D:1)
  2 giant gecko zombies
  4 giant newts
  5 rats
  2 fungi
  A plant (Lair:1)
190 creatures vanquished.

Vanquished Creatures (others)
  An orc (D:4)
  A fungus (Lair:1)
  A plant (Lair:1)
3 creatures vanquished.

Grand Total: 193 creatures vanquished

Notes
Turn   | Place    | Note
--------------------------------------------------------------
     0 | D:1      | magog001 the Hill Orc Fighter began the quest for the Orb.
     0 | D:1      | Reached XP level 1. HP: 19/19 MP: 1/1
   143 | D:1      | Reached XP level 2. HP: 27/27 MP: 2/2
   530 | D:2      | Noticed Ijyb
   742 | D:2      | Killed Ijyb
   742 | D:2      | Reached skill level 4 in Fighting
   742 | D:2      | Reached XP level 3. HP: 24/33 MP: 3/3
   858 | D:2      | Reached XP level 4. HP: 33/40 MP: 4/4
   859 | D:2      | Found a faded altar to an unknown god.
   869 | D:2      | Noticed Terence
   882 | D:2      | Killed Terence
   882 | D:2      | Reached skill level 1 in Dodging
  1078 | D:2      | Reached XP level 5. HP: 18/46 MP: 5/5
  1387 | D:2      | Noticed Jessica
  1393 | D:2      | Killed Jessica
  1693 | D:2      | Noticed Crazy Yiuf
  1703 | D:2      | Killed Crazy Yiuf
  2075 | D:3      | Reached XP level 6. HP: 53/53 MP: 6/6
  3116 | D:4      | Noticed Glorfindel's ghost (weakling HEBe)
  3128 | D:4      | Killed Glorfindel's ghost
  3128 | D:4      | Reached skill level 1 in Maces & Flails
  3128 | D:4      | Reached skill level 5 in Shields
  3312 | D:4      | Reached XP level 7. HP: 56/60 MP: 7/7
  3494 | D:4      | Reached skill level 5 in Fighting
  3576 | D:4      | Reached skill level 5 in Armour
  3969 | D:4      | Found a snail-covered altar of Cheibriados.
  4273 | D:4      | Reached skill level 1 in Stealth
  4476 | D:5      | Entered Level 5 of the Dungeon
  4531 | D:5      | Noticed Edmund
  4564 | D:5      | Killed Edmund
  4570 | D:5      | Reached XP level 8. HP: 40/68 MP: 8/8
  4952 | D:5      | Found Sicvax's Assorted Antiques.
  4955 | D:5      | Noticed Eustachio
  4965 | D:5      | Found Qoax's General Store.
  4991 | D:5      | Killed Eustachio
  4991 | D:5      | Reached skill level 6 in Shields
  5182 | D:5      | Bought a scroll of identify for 56 gold pieces
  5187 | D:5      | Bought a potion of heal wounds for 65 gold pieces
  5192 | D:5      | Gained mutation: You are robust (+10% HP). [potion of mutation]
  5192 | D:5      | Gained mutation: Your muscles are strong. (Str +2) [potion of mutation]
  5192 | D:5      | Lost mutation: Your muscles are strong. (Str +2) [potion of mutation]
  5316 | D:5      | Bought a scroll labeled OLUMI IRRUJI for 28 gold pieces
  5316 | D:5      | Bought a scroll labeled XOTALYCY QANO for 28 gold pieces
  5970 | D:6      | Reached skill level 1 in Bows
  5970 | D:6      | Reached skill level 7 in Shields
  6385 | D:6      | Reached XP level 9. HP: 76/81 MP: 9/9
  6489 | D:6      | Found a staircase to the Ecumenical Temple.
  6555 | D:6      | Reached skill level 1 in Throwing
  7178 | D:7      | Noticed Prince Ribbit
  7194 | D:7      | Killed Prince Ribbit
  7265 | D:7      | Found a glowing golden altar of the Shining One.
  7324 | D:7      | Reached skill level 8 in Shields
  7719 | D:7      | Found a blossoming altar of Fedhas.
  7720 | D:7      | Found an iron altar of Okawaru.
  8078 | D:8      | Found a staircase to the Lair.
  8238 | Lair:1   | Entered Level 1 of the Lair of Beasts
  8354 | Lair:1   | Reached XP level 10. HP: 78/94 MP: 10/10
  8416 | Lair:1   | Reached skill level 9 in Shields
  8796 | Lair:1   | Noticed a spiny frog
  8812 | Lair:1   | Killed a spiny frog
  8812 | Lair:1   | Reached skill level 5 in Maces & Flails
  9293 | Lair:1   | Noticed a spiny frog
  9310 | Lair:1   | Killed a spiny frog
  9415 | Lair:1   | Noticed a six-headed hydra
  9436 | Lair:1   | HP: 2/94 [six-headed hydra (4)]
  9436 | Lair:1   | Slain by a six-headed hydra

Action                   |  1- 3 |  4- 6 |  7- 9 | 10-12 || total
-------------------------+-------+-------+-------+-------++-------
Melee: War axe           |    77 |    67 |       |       ||   144
       Club              |       |   159 |   426 |   122 ||   707
 Fire: Shortbow          |       |       |    18 |       ||    18
Throw: Stone             |       |    15 |     5 |       ||    20
       Javelin           |       |       |       |     7 ||     7
       Tomahawk          |       |       |       |     6 ||     6
Evoke: Wand              |       |       |     2 |     3 ||     5
  Use: Scroll            |       |    12 |    12 |       ||    24
       Potion            |       |     1 |     5 |     4 ||    10
  Eat: Chunk             |       |     7 |     7 |       ||    14
       Pizza             |       |     1 |       |       ||     1
       Bread ration      |       |       |     4 |     1 ||     5
       Meat ration       |       |       |     1 |       ||     1
